 Dungeon Crawl Stone Soup version 0.30-a0-847-g17996783a1 (webtiles) character file.

Game seed: 16564093111322369882

107 cforsyth the Sneak (level 5, -6/32 HPs)
             Began as a Kobold Brigand on Mar 3, 2023.
             Killed by nerve-wracking pain
             ... invoked by an orc priest
              (14 damage)
             ... on level 3 of the Dungeon.
             The game lasted 00:03:44 (2986 turns).

cforsyth the Sneak (Kobold Brigand)                 Turns: 2986, Time: 00:03:45

Health: -6/32      AC:  5    Str:  9    XL:     5   Next: 11%
Magic:  5/5        EV: 15    Int: 10    God:
Gold:   154        SH:  0    Dex: 18    Spells: 4/4 levels left

rFire   . . .      SeeInvis +    a - +3 dagger
rCold   . . .      Faith    .    (no shield)
rNeg    . . .      Spirit   .    o - +2 robe "Akikoon" {SInv}
rPois   .          Reflect  .    (no helmet)
rElec   .          Rampage  .    c - +0 cloak
rCorr   .                        (no gloves)
Will    .....                    (no boots)
Stlth   ++++                     (no amulet)
HPRegen 0.25/turn                (no ring)
MPRegen 0.09/turn                (no ring)

@: no status effects
A: small, no large weapons, nightstalker 3, dopey 1
a: no special abilities


You were on level 3 of the Dungeon.
You visited 1 branch of the dungeon, and saw 4 of its levels.

You collected 154 gold pieces.

Inventory:

Hand Weapons
 a - a +3 dagger (weapon)
Missiles
 d - 12 poisoned darts (quivered)
 e - 3 curare-tipped darts
Armour
 b - a +0 robe
 c - a +0 cloak (worn)
 o - the +2 robe "Akikoon" (worn) {SInv}
   (You found it on level 2 of the Dungeon)

   SInv:      It lets you see invisible.
Wands
 m - a wand of polymorph (12)
 s - a wand of digging (5)
Scrolls
 j - a scroll of enchant weapon
 k - a scroll of identify {unknown}
 l - a scroll of teleportation {unknown}
 n - a scroll of immolation {unknown}
 p - a scroll of poison {unknown}
 r - 2 scrolls of amnesia {unknown}
 u - a scroll of enchant armour {unknown}
Potions
 f - a potion of haste {unknown}
 g - 2 potions of mutation
 h - a potion of attraction {unknown}
 i - 2 potions of degeneration {unknown}
 q - 2 potions of curing
 t - 2 potions of heal wounds
 v - a potion of flight {unknown}


   Skills:
 + Level 3.3 Fighting
 + Level 3.9 Short Blades
 - Level 2.1 Throwing
 + Level 2.7 Dodging
 + Level 6.2 Stealth


You had 4 spell levels left.
You didn't know any spells.
Your spell library contained the following spells:

 Spells                   Type           Power      Damage    Failure   Level
 Magic Dart               Conj           0%         1d3       36%         1
 Slow                     Hex            0%         N/A       36%         1
 Call Imp                 Summ           0%         N/A       50%         2
 Confusing Touch          Hex            0%         N/A       75%         3
 Mephitic Cloud           Conj/Pois/Air  0%         N/A       75%         3
 Vampiric Draining        Necr           0%         2d6       75%         3


Dungeon Overview and Level Annotations

Branches:
Dungeon (4/15)
 Temple: D:4-7

Altars:
Dithmenos
Sif Muna
Xom

Annotations:
D:3 1 runed translucent door, Crazy Yiuf, Jessica


Innate Abilities, Weirdness & Mutations

You are small and have problems with some larger weapons.
You are completely attuned to the shadows.
You are dopey. (Int -2)


Message History

You barely resist.
It was a potion of heal wounds.
You feel much better. The orc priest closely misses you.
You hit the orc priest but do no damage.
The orc priest is heavily wounded.
The orc priest closely misses you.
You barely miss the orc priest.
The orc priest is heavily wounded.
The orc priest misses you.
You hit the orc priest but do no damage.
The orc priest is heavily wounded.
You hit the orc priest but do no damage.
The orc priest is heavily wounded.
The orc priest calls down the wrath of Beogh upon you.
Beogh smites you!
You hit the orc priest.
The orc priest is severely wounded.
The orc priest miscasts a cantrip.
You hit the orc priest but do no damage.
The orc priest is severely wounded.
The orc priest invokes the aid of Beogh against you.
Pain shoots through your body!
You barely miss the orc priest.
The orc priest is severely wounded.
The orc priest invokes the aid of Beogh against you.
Beogh smites you!
* * * LOW HITPOINT WARNING * * *
You hit the orc priest but do no damage.
The orc priest is severely wounded.
You hit the orc priest but do no damage.
The orc priest is severely wounded.
The orc priest completely misses you.
You hit the orc priest but do no damage.
The orc priest is severely wounded.
The orc priest barely misses you.
You hit the orc priest but do no damage.
The orc priest is severely wounded.
The orc priest mumbles some strange prayers to Beogh against you.
Pain shoots through your body!
You die...

#..###..o........#..##......⌠#
##
#..##...#..#####.......##⌠#.##
#..#.......# ##.#o#######.##
/o.........# ##.o..# ##...##
#..#.....#.# #..#..# #8...8#
.o.÷....##.# #.###.## ##...##
#..#######.# #..#...# ##_##
.<.# #.# #o...## ### .#.#
#.#####@##.# ...#
####.....>....## .###
#..............) .#
#.########.##... .. #.# #.#
.## ..# #.# #.# # #.# #.# #.#
#.# #.#


You could see an orc priest.

Vanquished Creatures
  3 adders
  A worm (D:2)
  A dart slug (D:1)
  7 orcs
  9 ball pythons
  5 bats
  12 endoplasms
  3 hobgoblins
  2 jackals (D:2)
  A quokka (D:1)
  4 frilled lizards
  7 goblins
  4 kobolds
  3 rats (D:1)
62 creatures vanquished.

Notes
Turn   | Place    | Note
-------+----------+-------------------------------------------
     0 | D:1      | cforsyth the Kobold Brigand began the quest for the Orb.
     0 | D:1      | Reached XP level 1. HP: 12/12 MP: 1/1
   132 | D:1      | Reached XP level 2. HP: 18/18 MP: 2/2
   370 | D:1      | Reached XP level 3. HP: 22/22 MP: 3/3
   919 | D:2      | Identified the +2 robe "Akikoon" {SInv}
   991 | D:2      | Found a faded altar of an unknown god.
  1118 | D:2      | Reached XP level 4. HP: 23/27 MP: 4/4
  1136 | D:2      | You fall into a shaft and drop 2 floors!
  1154 | D:4      | Reached skill level 6 in Stealth
  1707 | D:3      | Found a shimmering blue altar of Sif Muna.
  1715 | D:3      | Noticed Jessica
  2481 | D:3      | Found a runed translucent door.
  2484 | D:3      | Noticed Crazy Yiuf
  2604 | D:3      | Reached XP level 5. HP: 15/32 MP: 5/5
  2911 | D:3      | Found a shadowy altar of Dithmenos.
  2915 | D:3      | Found a shimmering altar of Xom.
  2971 | D:3      | HP: 1/32 [orc priest/divine providence (17)]
  2973 | D:3      | Gained mutation: You are dopey. (Int -2) [potion of
                  | mutation]
  2986 | D:3      | Killed from afar by an orc priest

Illustrated notes

Levels and vault maps discovered:
D:1:      ncdulo_lavacross, layout_rooms
D:2:      layout_loops_cross, ebering_ecumenical_altar_rust
D:3:      layout_loops_ring, tgw_sif, lemuel_doored_altar,
          amethyst_overflow_temple_binary, minmay_misc_feat_columns,
          item_on_display_a, uniq_crazy_yiuf_cottage
D:4:      layout_rooms, uniq_blork_the_orc

Skill      XL: |  1  2  3  4 |
---------------+-------------+-----
Short Blades   | 3 |  3.9
Dodging        | 2 |  2.7
Fighting       | 3 |  3.3
Stealth        | 6 |  6.2
Throwing       | |  2.1

Action                     |  1- 3 |  4- 6 || total
---------------------------+-------+-------++-------
  Melee: Dagger            |    79 |   137 ||   216
    Use: Scroll            |       |     1 ||     1
         Potion            |       |     3 ||     3
   Stab: Sleeping          |    18 |     9 ||    27
         Distracted        |       |     1 ||     1
 Armour: Robe              |     4 |    25 ||    29
  Dodge: Dodged            |    35 |    95 ||   130

Table legend: (Time is in decaauts)
 A = Elapsed time spent in this place.
 B = Non-inter-level travel time spent in this place.
 C = Inter-level travel time spent in this place.
 D = Time resting spent in this place.
 E = Time spent auto-exploring this place.
 F = Levels seen in this place.
 G = Mean time per level.
                   A        B        C        D        E       F      G
               +--------+--------+--------+--------+--------+-----+--------+
         Total |   2946 |   2930 |     16 |    922 |   1495 |   4 |  736.5 |
       Dungeon |   2946 |   2930 |     16 |    922 |   1495 |   4 |  736.5 |
               +--------+--------+--------+--------+--------+-----+--------+

Top non-repeatable levels by time:
     D:3: 1056 daAuts
     D:2: 1037 daAuts
     D:1: 656 daAuts
     D:4: 196 daAuts
